[Event "Titled Tuesday Blitz January 25 2022"]
[White "Grafil, Franz Robert"]
[Black "Siddharth, Jagadeesh"]
[WhiteFideId "5205298"]
[BlackFideId "5818320"]
[WhiteElo "2211"]
[BlackElo "2127"]
[Result "1-0"]
[Round "05"]
[TimeControl "180+1"]
[Date "2022.01.26"]
[WhiteClock "0:00:09"]
[BlackClock "0:00:20"]

1. d4 d5 2. c4 dxc4 3. Nf3 Nf6 4. e3 e6 5. Bxc4 c5 6. Nc3 a6 7. Bb3 b5 8. a4 b4 9. Ne2 Bb7 10. O-O Nbd7 11. Nf4 Bd6 12. Nd3 O-O 13. Nfe5 cxd4 14. exd4 Nd5 15. Qg4 f5 16. Qe2 Nxe5 17. Nxe5 Qh4 18. f4 Kh8 19. Rf3 Bxe5 20. Qxe5 Qf6 21. Bd2 Qxe5 22. dxe5 Rac8 23. Rd3 a5 24. Rc1 Rxc1+ 25. Bxc1 Rc8 26. Bd2 h5 27. Kf2 Kh7 28. Rd4 Rd8 29. g3 Kg6 30. Bd1 Rc8 31. Bb3 h4 32. gxh4 Kf7 33. Bd1 Rh8 34. h5 Rd8 35. Be2 Ke7 36. b3 Nc3 37. Rxd8 Kxd8 38. Be3 Bd5 39. Bb6+ Kd7 40. Bxa5 Bxb3 41. Bxb4 Nxe2 42. Kxe2 Bxa4 43. Kf2 Ke8 44. Kg3 Kf7 45. Kh4 Bd1 46. Kg5 Bf3 47. Bd6 Kg8 48. h6 Kh7 49. hxg7 Kxg7 50. h4 Bh5 51. Kxh5 Kh7 52. Kg5 Kg7 53. h5 Kh7 54. Kf6 Kh6 55. Kxe6 Kxh5 56. Kxf5 Kh4 57. e6 Kg3 58. e7 Kh2 59. e8=Q Kh1 60. Qg6 Kh2 61. Ke4 Kh1 62. Kf3 1-0


[Site "https://www.chess.com"]

[Event "Titled Tuesday Blitz January 25 2022"]
[White "Gunina, Valentina"]
[Black "Martin, Lewis"]
[WhiteFideId "4167570"]
[BlackFideId "410551"]
[WhiteElo "2465"]
[BlackElo "2145"]
[Result "1-0"]
[Round "05"]
[TimeControl "180+1"]
[Date "2022.01.26"]
[WhiteClock "0:02:27"]
[BlackClock "0:00:10"]

1. d4 d5 2. c4 c6 3. Nf3 Nf6 4. g3 g6 5. Bg2 Bg7 6. cxd5 cxd5 7. O-O O-O 8. Ne5 Nc6 9. f4 Ne4 10. Nc3 f5 11. Be3 e6 12. Rc1 Bd7 13. Qb3 Nxe5 14. dxe5 Bc6 15. Rfd1 Qe7 16. Nxe4 dxe4 17. Bc5 Qf7 18. Bxf8 Bxf8 19. e3 Be7 20. Bf1 Rc8 21. Bc4 Bd5 22. Bxd5 Rxc1 23. Rxc1 exd5 24. Qxb7 Qe6 25. Qc8+ Kf7 26. Qxe6+ Kxe6 27. Rc7 a5 28. Kf2 1-0


[Site "https://www.chess.com"]

[Event "Titled Tuesday Blitz January 25 2022"]
[White "Hamitevici, Vladimir"]
[Black "Kollars, Dmitrij"]
[WhiteFideId "13902393"]
[BlackFideId "12909572"]
[WhiteElo "2359"]
[BlackElo "2584"]
[Result "1-0"]
[Round "05"]
[TimeControl "180+1"]
[Date "2022.01.26"]
[WhiteClock "0:00:08"]
[BlackClock "0:00:10"]

1. a3 e5 2. c4 c6 3. d4 exd4 4. Qxd4 d5 5. Nc3 dxc4 6. Qxc4 Be6 7. Qa4 Nd7 8. Be3 Nc5 9. Qc2 Bb3 10. Qf5 Qf6 11. Qxf6 Nxf6 12. Nf3 O-O-O 13. Nd2 Ng4 14. Bxc5 Bxc5 15. e3 Be6 16. Nde4 Be7 17. Be2 Ne5 18. Rd1 Nc4 19. Bxc4 Bxc4 20. Nd2 Bd3 21. Nf3 Bf6 22. Rd2 Rd7 23. Kd1 Rhd8 24. Kc1 Bf5 25. Rhd1 h6 26. h3 Kc7 27. Nd4 Bg6 28. Nde2 a5 29. Nf4 Bf5 30. g4 Bh7 31. Nh5 Be5 32. f4 Bxc3 33. bxc3 g5 34. Rxd7+ Rxd7 35. Rxd7+ Kxd7 36. Nf6+ Ke6 37. Nxh7 f6 38. Nf8+ Ke7 39. Ng6+ Kf7 40. f5 b5 41. Kc2 c5 42. a4 b4 43. Kb3 Ke8 44. Kc4 Kf7 45. e4 Ke8 46. e5 Kf7 47. exf6 Kxf6 48. Nf8 Ke5 49. Ne6 Kd6 50. Nxc5 bxc3 51. Nd3 c2 52. Kc3 Kd5 53. Kxc2 1-0


[Site "https://www.chess.com"]

[Event "Titled Tuesday Blitz January 25 2022"]
[White "Dronavalli, Harika"]
[Black "Xiong, Jeffery"]
[WhiteFideId "5015197"]
[BlackFideId "2047640"]
[WhiteElo "2382"]
[BlackElo "2727"]
[Result "0-1"]
[Round "05"]
[TimeControl "180+1"]
[Date "2022.01.26"]
[WhiteClock "0:00:03"]
[BlackClock "0:00:07"]

1. d4 Nf6 2. c4 c5 3. Nf3 cxd4 4. Nxd4 e6 5. g3 Qc7 6. Nd2 Nc6 7. N4f3 Rb8 8. Bg2 b5 9. cxb5 Rxb5 10. O-O Be7 11. e4 O-O 12. b3 Ba6 13. Re1 Ng4 14. Nc4 d5 15. Bf4 Qd8 16. exd5 Rxd5 17. Qe2 Bc5 18. Rf1 Qf6 19. Rad1 Rxd1 20. Qxd1 Rd8 21. Qe2 Qc3 22. Ng5 Nxf2 23. Rxf2 Bxc4 24. bxc4 Bxf2+ 25. Qxf2 Qxc4 26. Bf1 Rd1 27. h4 Nd4 28. Be3 Nf5 29. Bf4 h6 30. Nf3 Qd5 31. Kh2 Nd6 32. Bg2 Ne4 33. Qe3 Nf6 34. Ne5 Qxa2 35. Kh3 Rd8 36. Bf3 Qb1 37. g4 Qf1+ 38. Bg2 Qb5 39. Kg3 Nd5 40. Bxd5 Qxd5 41. g5 hxg5 42. hxg5 Rb8 43. Qf2 Rb3+ 44. Kg4 Qe4 45. Qxa7 Qf5+ 46. Kh4 Rh3# 0-1


[Site "https://www.chess.com"]

[Event "Titled Tuesday Blitz January 25 2022"]
[White "Hoffmann, Asa"]
[Black "Zelbel, Patrick"]
[WhiteFideId "2001470"]
[BlackFideId "24624322"]
[WhiteElo "2117"]
[BlackElo "2493"]
[Result "0-1"]
[Round "05"]
[TimeControl "180+1"]
[Date "2022.01.26"]
[WhiteClock "0:00:24"]
[BlackClock "0:00:53"]

1. d4 g6 2. e4 Bg7 3. Be3 c5 4. c3 d5 5. exd5 Qxd5 6. dxc5 Nf6 7. Nf3 O-O 8. Na3 Nbd7 9. Be2 Qc6 10. Bb5 Qc7 11. O-O a6 12. Be2 Ng4 13. Bd4 e5 14. h3 exd4 15. hxg4 dxc3 16. bxc3 Qxc5 17. Nc4 b5 18. Ne3 Nb6 19. Rc1 Bb7 20. Nd4 Rad8 21. Bf3 Bxf3 22. Qxf3 Nc4 23. Nxc4 Qxc4 24. Qb7 Rd6 25. a3 Qc5 26. a4 bxa4 27. Rfe1 a3 28. Qb3 Rb6 29. Qa4 a5 30. Ra1 Qxc3 31. Nf3 Rb3 32. Rac1 Qb4 33. Qd7 a2 34. Ne5 Rb1 35. Nxf7 Qxe1+ 36. Rxe1 Rxe1+ 37. Kh2 a1=Q 0-1


[Site "https://www.chess.com"]

[Event "Titled Tuesday Blitz January 25 2022"]
[White "Horvath, Dominik"]
[Black "Liyanage, Ranindu Dilshan"]
[WhiteFideId "1642561"]
[BlackFideId "9915834"]
[WhiteElo "2336"]
[BlackElo "1858"]
[Result "0-1"]
[Round "05"]
[TimeControl "180+1"]
[Date "2022.01.26"]
[WhiteClock "0:00:13"]
[BlackClock "0:00:10"]

1. Nf3 Nf6 2. c4 e6 3. g3 d5 4. Bg2 dxc4 5. O-O c5 6. Na3 Nc6 7. Nxc4 Be7 8. b3 O-O 9. Bb2 Qc7 10. Rc1 Rd8 11. d3 b6 12. a3 Bb7 13. e3 b5 14. Nce5 Nxe5 15. Bxe5 Qd7 16. d4 cxd4 17. exd4 Rac8 18. b4 Nd5 19. Qd2 Nb6 20. Rxc8 Rxc8 21. Bf4 Rd8 22. Ne5 Nc4 23. Nxd7 Nxd2 24. Bxb7 Nxf1 25. Ne5 g5 26. Bc1 Rxd4 27. Nc6 Rd1 28. Nxe7+ Kf8 29. Kg2 Rxc1 30. Nc6 Nd2 31. Nd4 Nc4 32. Nxb5 Ra1 33. Nxa7 Rxa3 34. Nc6 Rb3 35. Ba6 Nd6 36. Bf1 Ke8 37. h3 Kd7 38. Ne5+ Ke7 39. Nc6+ Kd7 40. Ne5+ Kc7 41. g4 Rxb4 42. Nf3 h6 43. Ne5 Rf4 44. Nd3 Rd4 45. Ne5 Ra4 46. Nd3 Kd8 47. Nc5 Ra5 48. Nb3 Re5 49. Nd4 Rc5 50. Nf3 Rc7 51. Nd4 Ke7 52. Ne2 Rd7 53. Ng3 Ne8 54. Ne4 Nf6 55. Nc5 Rc7 56. Na6 Rc1 57. Nb4 Nd5 58. Nd3 Rb1 59. Be2 Nf4+ 60. Nxf4 gxf4 61. Bd3 Rb3 62. Bc4 Rb4 63. Ba6 e5 64. Kf3 f6 65. Bf1 Kd6 66. h4 Kc5 67. g5 fxg5 68. hxg5 hxg5 69. Kg4 Kd4 70. Kxg5 Rb2 71. f3 Rf2 72. Bh3 Rxf3 73. Bf5 Rg3+ 74. Kh4 Ke3 75. Bg4 Rxg4+ 0-1


[Site "https://www.chess.com"]

[Event "Titled Tuesday Blitz January 25 2022"]
[White "Howell, David W L"]
[Black "Tristan, Leonardo"]
[WhiteFideId "410608"]
[BlackFideId "113816"]
[WhiteElo "2559"]
[BlackElo "2404"]
[Result "1-0"]
[Round "05"]
[TimeControl "180+1"]
[Date "2022.01.26"]
[WhiteClock "0:00:15"]
[BlackClock "0:00:02"]

1. d3 d5 2. d4 Nf6 3. Nf3 Bf5 4. c4 e6 5. Nc3 Nbd7 6. cxd5 exd5 7. Bg5 c6 8. e3 Qb6 9. Bd3 Qxb2 10. Bxf5 Qxc3+ 11. Nd2 Bb4 12. Rb1 Ne4 13. Bxe4 dxe4 14. Rb3 Qc4 15. Qb1 Bxd2+ 16. Kxd2 Qd5 17. Bf4 Nb6 18. Rc1 Nc4+ 19. Rxc4 Qxc4 20. Qxe4+ Qe6 21. Qxe6+ fxe6 22. Rxb7 O-O 23. Kc3 Rf7 24. Rb2 h6 25. Kc4 Rd8 26. Kc5 Rc8 27. Bd6 Rf5+ 28. Be5 Rf7 29. h4 Rd7 30. e4 h5 31. Rb3 Rf7 32. f4 Kh7 33. a4 Kg8 34. a5 Kf8 35. a6 Ke8 36. Bd6 Rd7 37. Be5 Rf7 38. Rg3 Kf8 39. Rg5 Kg8 40. Rxh5 Rcf8 41. g3 Rd7 42. Rg5 Kh7 43. h5 Kh6 44. g4 Kh7 45. Rg6 Rdf7 46. Rxe6 Rxf4 47. Bxf4 Rxf4 48. g5 Rf1 49. Kxc6 Rb1 50. d5 Rh1 51. h6 Rc1+ 52. Kd7 Rb1 53. hxg7 Kg8 54. Rc6 Kh7 55. e5 Rf1 56. d6 Re1 57. Ke6 Rg1 58. d7 Rd1 59. Rd6 Rf1 60. d8=Q Rf6+ 61. Qxf6 1-0


[Site "https://www.chess.com"]

[Event "Titled Tuesday Blitz January 25 2022"]
[White "Ibrahimli, Murad"]
[Black "Vakhlamov, Igor L."]
[WhiteFideId "13410229"]
[BlackFideId "24126748"]
[WhiteElo "2109"]
[BlackElo "2401"]
[Result "1/2-1/2"]
[Round "05"]
[TimeControl "180+1"]
[Date "2022.01.26"]
[WhiteClock "0:00:24"]
[BlackClock "0:00:40"]

1. Nf3 Nf6 2. d4 d5 3. Bf4 Bf5 4. e3 e6 5. Bd3 Bxd3 6. cxd3 Bd6 7. Bg3 O-O 8. Nc3 c5 9. dxc5 Bxc5 10. Rc1 Nc6 11. O-O Bd6 12. Bh4 Rc8 13. a3 Be7 14. Ne2 Nd7 15. Bg3 a6 16. Ned4 Qb6 17. Qb3 Nxd4 18. Nxd4 h6 19. Bc7 Qxb3 20. Nxb3 Nc5 21. Nxc5 Rxc7 22. Nb3 Rfc8 23. Rxc7 Rxc7 24. Rc1 Rxc1+ 25. Nxc1 Kf8 26. Kf1 Ke8 27. Ke2 Kd7 28. f4 Kc6 29. Kd2 Bf6 30. Kc2 b6 31. Ne2 Kc5 32. Ng1 Be7 33. Nf3 f6 34. b4+ Kd6 35. Kb3 Bd8 36. Nd4 g6 37. g4 e5 38. Ne2 Bc7 39. f5 g5 40. e4 d4 41. b5 axb5 42. Ng3 Bd8 43. Nh5 Be7 44. Ng7 Kd7 45. Nh5 Kc6 46. Ng3 Kd7 47. Nf1 Kc6 48. h3 Kd7 49. Nh2 Kc6 50. Nf3 Kd7 51. Ne1 Kc6 52. Nc2 Kd7 53. Kb2 Kc6 54. Ka2 Kd7 55. Kb3 Kc7 56. Ne1 Kd7 57. Nf3 Kc7 58. Nh2 Kd7 59. Nf1 Kc7 60. Ng3 Kd7 61. Ne2 Kc7 62. Nc1 Kd7 63. Na2 Kc7 64. Nc1 Kd7 65. Ne2 Kc7 66. Ng1 Kd7 67. Nf3 Kc7 68. h4 Kd7 69. hxg5 hxg5 70. Ng1 Kc7 71. Ne2 Kd7 72. Ng3 Kc7 73. Nh1 Kd7 74. Nf2 Kc7 75. Nd1 Kd7 76. Nb2 Kc7 77. Nd1 Kd7 78. Nf2 Kc7 79. Nh3 Kd7 80. Ng1 Kc7 81. Nf3 Kd7 82. Nd2 Kc7 83. Nf1 Kd7 84. Ng3 Kc7 85. Ne2 Kd7 86. Nc1 Kc7 87. Na2 Kd7 88. Nb4 Bxb4 89. axb4 Kc7 90. Kc2 Kd7 91. Kd2 Kc7 92. Ke2 Kd7 93. Kf2 Kc7 94. Kg2 Kd7 95. Kf2 Kc7 96. Kg2 Kd7 97. Kf2 1/2-1/2


[Site "https://www.chess.com"]

[Event "Titled Tuesday Blitz January 25 2022"]
[White "Iskusnyh, Sergei"]
[Black "Abarca Gonzalez, Nicolas"]
[WhiteFideId "4120027"]
[BlackFideId "3409422"]
[WhiteElo "2492"]
[BlackElo "2504"]
[Result "0-1"]
[Round "05"]
[TimeControl "180+1"]
[Date "2022.01.26"]
[WhiteClock "0:00:36"]
[BlackClock "0:01:08"]

1. d4 Nf6 2. c4 e5 3. dxe5 Ng4 4. e3 Nxe5 5. Nh3 d5 6. cxd5 Bxh3 7. gxh3 Bd6 8. Bg2 Ng6 9. Nc3 O-O 10. Bd2 Nh4 11. Be4 f5 12. Bc2 Nd7 13. Qh5 Ne5 14. O-O-O b5 15. Kb1 Nhf3 16. Bc1 b4 17. Nb5 a5 18. Nd4 g6 19. Qh6 Nf7 20. Qxf8+ Qxf8 21. Nxf3 a4 22. Bd3 a3 23. b3 Ne5 24. Nd4 Nxd3 25. Rxd3 Qe7 26. Ne6 Be5 27. f4 Bh8 28. Rhd1 Qf6 29. Nd4 Rd8 30. Bd2 Rxd5 31. Bxb4 c5 32. Bc3 cxd4 33. Bxd4 Qa6 34. Rc3 Bxd4 35. exd4 Qe2 0-1


[Site "https://www.chess.com"]

[Event "Titled Tuesday Blitz January 25 2022"]
[White "Jones, Gawain C B"]
[Black "Sjugirov, Sanan"]
[WhiteFideId "409561"]
[BlackFideId "4189302"]
[WhiteElo "2657"]
[BlackElo "2602"]
[Result "1/2-1/2"]
[Round "05"]
[TimeControl "180+1"]
[Date "2022.01.26"]
[WhiteClock "0:00:04"]
[BlackClock "0:00:09"]

1. e4 c5 2. Nc3 Nc6 3. Bb5 Nd4 4. Nf3 a6 5. Bd3 g6 6. O-O Bg7 7. Re1 Nc6 8. Bf1 d6 9. d3 Nf6 10. h3 O-O 11. Be3 e5 12. Qd2 b5 13. Bg5 Be6 14. a4 b4 15. Nd1 Qd7 16. Ne3 Nh5 17. Nc4 Rab8 18. a5 f5 19. exf5 gxf5 20. Nb6 Qf7 21. c3 bxc3 22. bxc3 Nxa5 23. Rxa5 Rxb6 24. d4 cxd4 25. cxd4 e4 26. d5 Bd7 27. Be3 Rb2 28. Ng5 Qg6 29. Qd1 f4 30. Bd4 Qxg5 31. Bxb2 Bxb2 32. Rxe4 Be5 33. Qf3 Ng7 34. Rxa6 Nf5 35. Qg4 Qxg4 36. hxg4 Ng7 37. f3 Be8 38. Rb4 Bg6 39. Ra7 Ne8 40. Kh2 Nf6 41. Kh3 Rf7 42. Ra8+ Kg7 43. Bc4 h6 44. Rab8 Nh7 45. R8b7 Ng5+ 46. Kh2 Rxb7 47. Rxb7+ Bf7 48. Kg1 Bd4+ 49. Kf1 Kf6 50. Ke2 Bg6 51. Bd3 Bf7 52. Rd7 Bc5 53. Bc4 Be8 54. Rd8 Ke7 55. Rb8 Bg6 56. Bd3 Bf7 57. Bc4 Kf6 58. Kd3 Bg6+ 59. Kc3 Nf7 60. Rf8 Kg7 61. Rb8 Ne5 62. Rb7+ Kf6 63. Bb3 Kg5 64. Bc2 Bxc2 65. Kxc2 Kh4 66. Rh7 Kg3 67. Rxh6 Kxg2 68. g5 Kxf3 69. g6 Ke2 70. g7 f3 71. g8=Q f2 72. Qg2 Nc4 73. Re6+ Ne3+ 74. Kc3 Ke1 75. Qg3 Ke2 76. Qg4+ Ke1 77. Qg3 Ke2 78. Rf6 Nxd5+ 79. Kc2 Ne3+ 80. Kb3 f1=Q 81. Rxf1 Nxf1 82. Qg4+ Kf2 83. Qf4+ Ke2 84. Kc4 Ne3+ 85. Kb5 Nc2 86. Qe4+ Kd2 87. Kc6 Nd4+ 88. Kd7 Nc2 89. Qd5+ Kc3 90. Qe6 Nb4 91. Qe1+ Kc4 92. Ke6 Nc2 93. Qe2+ Kc3 94. Qf3+ Kd2 95. Qh3 Ne3 96. Qh2+ Kd3 97. Qh7+ Kd2 98. Qh2+ Kd3 99. Qg3 Kd2 100. Qf3 Kd3 101. Qf2 Ke4 102. Qe2 Kd4 103. Qd2+ Ke4 104. Qc3 Kf3 105. Qd3 Kf2 106. Kf6 Kf3 107. Kg5 Kg3 108. Qe4 Kf2 109. Kf4 Ng2+ 110. Kg5 Ne3 111. Kf6 Kg3 112. Kg6 Kf2 113. Kh5 Kg3 114. Qg6+ Kf2 115. Qd3 Kf3 116. Kh4 Kf2 117. Kg5 Kf3 118. Qd2 Ke4 119. Qe2 Kd4 120. Kf4 Nd5+ 121. Kf3 Nc3 122. Qb2 Kd3 123. Qb3 Kd2 124. Qc4 Kc2 125. Qf1 Kd2 126. Qa1 Kc2 127. Qa8 Kd2 128. Qb7 Kc2 129. Qb8 Kd2 130. Qb2+ Kd3 131. Qh2 Kc4 1/2-1/2


[Site "https://www.chess.com"]

[Event "Titled Tuesday Blitz January 25 2022"]
[White "Kamsky, Gata"]
[Black "Nastore, Pavel-Alexandru"]
[WhiteFideId "2000024"]
[BlackFideId "1255002"]
[WhiteElo "2645"]
[BlackElo "1763"]
[Result "1/2-1/2"]
[Round "05"]
[TimeControl "180+1"]
[Date "2022.01.26"]
[WhiteClock "0:00:10"]
[BlackClock "0:00:06"]

1. d4 Nf6 2. Nf3 d5 3. Bf4 c6 4. e3 Bf5 5. c4 e6 6. Nc3 Bd6 7. Bxd6 Qxd6 8. Qb3 Qe7 9. Be2 O-O 10. O-O dxc4 11. Bxc4 b5 12. Be2 Nbd7 13. Rfc1 Rfc8 14. Nh4 Bg6 15. Nxg6 hxg6 16. Bf3 Rab8 17. a4 b4 18. Ne2 c5 19. a5 Qd6 20. g3 cxd4 21. Nxd4 Nc5 22. Qd1 e5 23. Nb3 Qxd1+ 24. Bxd1 Nd3 25. Rxc8+ Rxc8 26. Rb1 Ne4 27. f3 Nec5 28. Nxc5 Rxc5 29. Be2 Nc1 30. Bf1 Nb3 31. Rd1 Nxa5 32. Rd8+ Kh7 33. Rd7 Nc4 34. Bxc4 Rxc4 35. Rxf7 Rc1+ 36. Kg2 Rc2+ 37. Kh3 Rxb2 38. Rxa7 b3 39. Rb7 Kg8 40. e4 Kf8 41. Kg4 Rxh2 42. Rxb3 Kf7 43. Rb7+ Kf6 44. Rb6+ Kf7 45. Rc6 Rg2 46. Rc1 Rf2 47. Rc3 Rf1 48. Kg5 Rg1 49. g4 Rg3 50. Rc7+ Ke6 51. Rxg7 Rxf3 52. Rxg6+ Kf7 53. Rb6 Rf4 54. Rb4 Ke6 55. Kh5 Kf6 56. g5+ Kg7 57. Rb7+ Kf8 58. Kg6 Rxe4 59. Rb8+ Ke7 60. Kh6 Rh4+ 61. Kg7 e4 62. Rb5 Ke6 63. g6 e3 64. Rb3 Rh3 65. Rb8 Rg3 66. Re8+ Kf5 67. Kf7 Rxg6 68. Rxe3 Rf6+ 69. Ke7 Rg6 70. Kd7 Kg5 71. Rg3+ Kf5 72. Rxg6 Kxg6 1/2-1/2


[Site "https://www.chess.com"]

[Event "Titled Tuesday Blitz January 25 2022"]
[White "Kanyamarala, Tarun"]
[Black "Alavkin, Arseny"]
[WhiteFideId "45004714"]
[BlackFideId "4120612"]
[WhiteElo "2144"]
[BlackElo "2391"]
[Result "0-1"]
[Round "05"]
[TimeControl "180+1"]
[Date "2022.01.26"]
[WhiteClock "0:00:02"]
[BlackClock "0:01:20"]

1. d4 Nf6 2. c4 e6 3. Nc3 Bb4 4. e3 O-O 5. Bd2 Re8 6. Nf3 d5 7. Qc2 Bf8 8. O-O-O b6 9. Ne5 Bb7 10. cxd5 exd5 11. f4 Nbd7 12. Bb5 a6 13. Bc6 Bxc6 14. Nxc6 Qc8 15. Kb1 Qb7 16. Ne2 Ne4 17. Be1 Nd6 18. Ne5 Nf6 19. Bh4 Nfe4 20. g4 Rac8 21. Qd3 f6 22. Nf3 Nc4 23. Rhe1 Qc6 24. Nc3 Na3+ 25. Ka1 Nxc3 26. bxc3 Nc4 27. Nd2 Nxd2 28. Rxd2 Re4 29. Rc1 b5 30. Bf2 Qd7 31. c4 bxc4 32. Rxc4 Qxg4 33. Rc1 Qe6 34. Rdc2 Bd6 35. Qxa6 Re8 36. Qb5 Qf7 37. f5 Ra8 38. Qc6 Ree8 39. Rb2 Ba3 40. Rcc2 Bxb2+ 41. Rxb2 Ra7 42. Rb3 Rea8 43. a3 Rxa3+ 44. Rxa3 Rxa3+ 45. Kb2 Ra5 46. Bg3 Qe7 47. Kc2 Ra2+ 48. Kb3 Qa3# 0-1


[Site "https://www.chess.com"]

[Event "Titled Tuesday Blitz January 25 2022"]
[White "Karttunen, Mika"]
[Black "Concio, Michael Jr."]
[WhiteFideId "502081"]
[BlackFideId "5217873"]
[WhiteElo "2343"]
[BlackElo "1896"]
[Result "1/2-1/2"]
[Round "05"]
[TimeControl "180+1"]
[Date "2022.01.26"]
[WhiteClock "0:00:24"]
[BlackClock "0:00:48"]

1. e4 c6 2. d4 d5 3. exd5 cxd5 4. Bd3 Nc6 5. c3 Nf6 6. h3 e5 7. dxe5 Nxe5 8. Qe2 Qe7 9. Bc2 Nc6 10. Bg5 Be6 11. Nf3 h6 12. Be3 Qc7 13. Nd4 Nxd4 14. Bxd4 Be7 15. Ba4+ Kf8 16. Nd2 g6 17. Qf3 Kg7 18. Nf1 Bf5 19. Ng3 Bd7 20. Bc2 Rhe8 21. O-O Qc6 22. Bb3 Kg8 23. Rfe1 Bd8 24. Rxe8+ Bxe8 25. Bxf6 Qxf6 26. Bxd5 Qxf3 27. Bxf3 Rb8 28. Ne4 Be7 29. Rd1 Bc6 30. Rd3 Kg7 31. Nd2 Bb5 32. c4 Be8 33. Bd5 b6 34. b3 a5 35. a4 f5 36. Nf3 Rd8 37. Nd4 Bd7 38. Re3 Bc5 39. Ne6+ Bxe6 40. Rxe6 Rd6 41. Re7+ Kf6 42. Re2 f4 43. Kf1 g5 44. Re4 Kf5 45. Re8 Kf6 46. Ke2 Kg7 47. Kf3 Rd7 48. Re2 Re7 49. Be4 Rd7 50. Bd5 Re7 51. Be6 Kf6 52. Bd5 Rxe2 53. Kxe2 Ke5 54. f3 Kd4 55. Kd2 Bb4+ 56. Ke2 Kc3 57. Bc6 Kxb3 58. Bb5 Kc3 59. Ba6 Bc5 60. Bb5 Kc2 61. Ba6 1/2-1/2


[Site "https://www.chess.com"]

[Event "Titled Tuesday Blitz January 25 2022"]
[White "Kim, Sergey"]
[Black "Kanyamarala, Trisha"]
[WhiteFideId "13700570"]
[BlackFideId "45004722"]
[WhiteElo "2616"]
[BlackElo "2002"]
[Result "1-0"]
[Round "05"]
[TimeControl "180+1"]
[Date "2022.01.26"]
[WhiteClock "0:00:39"]
[BlackClock "0:00:02"]

1. d4 Nf6 2. c4 e6 3. Nc3 Bb4 4. Qc2 d5 5. a3 Bxc3+ 6. Qxc3 dxc4 7. Qxc4 O-O 8. Nf3 b6 9. g3 Ba6 10. Qc2 Nbd7 11. Qc6 Rb8 12. Bg2 Bb7 13. Qa4 c5 14. O-O cxd4 15. Qxd4 Nc5 16. Bf4 Nb3 17. Qxd8 Rbxd8 18. Rad1 Ba6 19. Rxd8 Rxd8 20. Re1 h6 21. Ne5 Nd4 22. Nc6 Nxe2+ 23. Kh1 Re8 24. Be3 Ng4 25. Nxa7 f5 26. Bf3 Re7 27. Nc6 Rc7 28. Nb4 Bb5 29. Bxe2 Ba4 30. Bxb6 Rd7 31. f3 Ne5 32. Be3 Nc6 33. Nxc6 Bxc6 34. Rd1 Rb7 35. Rd2 Bd5 36. Kg2 g5 37. Kf2 Kf7 38. Bd4 Kg6 39. Bc3 Rc7 40. a4 Ra7 41. a5 Rb7 42. a6 Ra7 43. Bd4 Ra8 44. a7 g4 45. fxg4 fxg4 46. Bxg4 Kg5 47. Bf3 Rf8 48. Rd3 e5 49. Bxe5 Bc4 50. Ra3 1-0


[Site "https://www.chess.com"]

[Event "Titled Tuesday Blitz January 25 2022"]
[White "Kislinsky, Alexey"]
[Black "Khripachenko, Alexander"]
[WhiteFideId "14108801"]
[BlackFideId "54184975"]
[WhiteElo "2335"]
[BlackElo "2177"]
[Result "1-0"]
[Round "05"]
[TimeControl "180+1"]
[Date "2022.01.26"]
[WhiteClock "0:00:29"]
[BlackClock "0:00:01"]

1. e4 c5 2. c3 Nf6 3. e5 Nd5 4. Bc4 Nb6 5. Bb3 c4 6. Bc2 Nc6 7. Nf3 d6 8. exd6 e5 9. d4 cxd3 10. Qxd3 Qxd6 11. Qe2 Be7 12. Nbd2 O-O 13. a4 a5 14. Ne4 Qc7 15. Neg5 h6 16. h4 Bg4 17. Be3 Rad8 18. Qb5 Nd5 19. Qc4 Nxe3 20. fxe3 Bxf3 21. gxf3 Qb6 22. Qe4 g6 23. Nxf7 Rxf7 24. Rg1 Rd6 25. Rxg6+ Rxg6 26. Qxg6+ Rg7 27. Qe6+ Kf8 28. O-O-O Qxe3+ 29. Kb1 Rg1 30. Qf5+ Kg7 31. Qh7+ Kf8 32. Qf5+ Kg7 33. Rxg1+ Qxg1+ 34. Ka2 Qe3 35. Qg4+ Kf8 36. Qc8+ Nd8 37. Qf5+ Nf7 38. Bb3 Qf4 39. Qc8+ Nd8 40. Qc7 Qf6 41. Qxa5 Kg7 42. Qd5 Nf7 43. Qxb7 Nd6 44. Qd5 Bf8 45. Qg8# 1-0


[Site "https://www.chess.com"]

[Event "Titled Tuesday Blitz January 25 2022"]
[White "Klimkowski, Jan"]
[Black "Gnechko, Ruslan"]
[WhiteFideId "21856222"]
[BlackFideId "14135868"]
[WhiteElo "2172"]
[BlackElo "2289"]
[Result "0-1"]
[Round "05"]
[TimeControl "180+1"]
[Date "2022.01.26"]
[WhiteClock "0:00:17"]
[BlackClock "0:00:35"]

1. e4 c6 2. d4 d5 3. e5 Bf5 4. c4 e6 5. Nc3 Nd7 6. h4 h5 7. Nge2 Ne7 8. Ng3 Bg6 9. Be2 dxc4 10. Bxc4 Nb6 11. Be2 f5 12. exf6 gxf6 13. Nxh5 Nf5 14. Nf4 Bf7 15. h5 Qxd4 16. O-O e5 17. Qc2 Ng3 18. Be3 Nxe2+ 19. Ncxe2 Qc4 20. Qf5 exf4 21. Bxb6 Rxh5 22. Qxf6 Be7 23. Qxf4 axb6 24. Qe3 Qh4 25. Qh3 Qxh3 26. gxh3 Rxh3 27. Rfe1 Kf8 28. Nf4 Rh4 29. Ng2 Rg4 30. f3 Bc5+ 31. Kh2 Rg5 32. Rad1 Kg7 33. Re4 Rh8+ 34. Nh4 Bf2 35. Kh3 Be6+ 0-1


[Site "https://www.chess.com"]

[Event "Titled Tuesday Blitz January 25 2022"]
[White "Koelle, Tobias"]
[Black "Daneshvar, Bardiya"]
[WhiteFideId "16207378"]
[BlackFideId "12576468"]
[WhiteElo "2541"]
[BlackElo "2295"]
[Result "0-1"]
[Round "05"]
[TimeControl "180+1"]
[Date "2022.01.26"]
[WhiteClock "0:00:02"]
[BlackClock "0:01:10"]

1. d4 a6 2. c4 e6 3. Nf3 b5 4. e3 bxc4 5. Bxc4 Bb7 6. O-O Nf6 7. Nc3 Be7 8. Re1 d5 9. Bd3 O-O 10. b3 Nbd7 11. Bb2 c5 12. Rc1 Rc8 13. Bb1 cxd4 14. exd4 a5 15. Ne5 Nxe5 16. dxe5 Nd7 17. Nb5 Qb6 18. Qd3 g6 19. Nd6 Bxd6 20. exd6 Qxd6 21. Qb5 Bc6 22. Qxa5 d4 23. Ba3 Qd5 24. Qxd5 Bxd5 25. Bxf8 Rxf8 26. f4 f6 27. Rc7 Rd8 28. Rec1 Nb6 29. Ra7 e5 30. fxe5 fxe5 31. Rcc7 e4 32. Rg7+ Kf8 33. Rxh7 d3 34. Rag7 Bg8 35. Kf2 Nd5 36. Ke1 Nc3 37. Bxd3 Rxd3 38. Rc7 Bxh7 39. Rxh7 e3 0-1


[Site "https://www.chess.com"]

[Event "Titled Tuesday Blitz January 25 2022"]
[White "Kosakowski, Jakub"]
[Black "Nazaretyan, Tigran"]
[WhiteFideId "1185080"]
[BlackFideId "24162345"]
[WhiteElo "2476"]
[BlackElo "2192"]
[Result "0-1"]
[Round "05"]
[TimeControl "180+1"]
[Date "2022.01.26"]
[WhiteClock "0:00:03"]
[BlackClock "0:00:51"]

1. d4 Nf6 2. Nf3 g6 3. Nbd2 d5 4. e3 Bg7 5. b4 a5 6. b5 c5 7. a4 Nbd7 8. Bb2 c4 9. Be2 O-O 10. O-O Nb6 11. Ne5 Nfd7 12. f4 Nxe5 13. fxe5 Qc7 14. Nb1 f6 15. exf6 exf6 16. Nc3 Re8 17. Qd2 Bh6 18. Nd1 Bf5 19. Ba3 Nxa4 20. Bf3 Qd7 21. Rb1 c3 22. Qf2 Nb2 23. Bxb2 cxb2 24. Rxb2 a4 25. Re1 a3 26. Ra2 Rec8 27. Qd2 Qxb5 28. Nc3 Qa5 29. Nb1 Qxd2 30. Bxd5+ Kg7 31. Nxd2 Rxc2 32. Kf2 Rac8 0-1


[Site "https://www.chess.com"]

[Event "Titled Tuesday Blitz January 25 2022"]
[White "Kravtsiv, Martyn"]
[Black "Havanecz, Bianka"]
[WhiteFideId "14113147"]
[BlackFideId "704814"]
[WhiteElo "2694"]
[BlackElo "2367"]
[Result "1-0"]
[Round "05"]
[TimeControl "180+1"]
[Date "2022.01.26"]
[WhiteClock "0:00:21"]
[BlackClock "0:00:01"]

1. e4 c6 2. Nf3 d5 3. d3 g6 4. e5 Bg7 5. d4 c5 6. dxc5 Nc6 7. Bb5 Bg4 8. O-O e6 9. Nbd2 Bxe5 10. h3 Bxf3 11. Nxf3 Bg7 12. c4 Ne7 13. Bg5 Bxb2 14. Rb1 Bg7 15. Bxc6+ bxc6 16. Rb7 f6 17. Qe2 Qc8 18. Rfb1 Nf5 19. g4 O-O 20. gxf5 fxg5 21. fxe6 Re8 22. Nxg5 Bf6 23. Qf3 Rxe6 24. Nxe6 Qxe6 25. Qg4 Qxg4+ 26. hxg4 dxc4 27. Rc7 c3 28. Rxc6 Bd4 29. Rd1 Bg7 30. Rc1 Rb8 31. Rd6 Rb5 32. Rd8+ Kf7 33. Rd7+ Kf6 34. g5+ Kxg5 35. Rxg7 Rxc5 36. Rxa7 h5 37. Ra3 c2 38. Re3 1-0


[Site "https://www.chess.com"]

[Event "Titled Tuesday Blitz January 25 2022"]
[White "Kretov, Evgenij"]
[Black "Babazada, Khazar"]
[WhiteFideId "4167821"]
[BlackFideId "13413554"]
[WhiteElo "2303"]
[BlackElo "2418"]
[Result "0-1"]
[Round "05"]
[TimeControl "180+1"]
[Date "2022.01.26"]
[WhiteClock "0:01:26"]
[BlackClock "0:01:16"]

1. d4 g6 2. c4 Bg7 3. Nc3 d6 4. e4 Nf6 5. Be2 O-O 6. Bg5 Nbd7 7. Qd2 e5 8. d5 a5 9. O-O-O Nc5 10. f3 a4 11. g4 c6 12. dxc6 Be6 13. Qxd6 Qa5 14. Be3 b6 15. Nb5 a3 16. b3 Nxb3+ 17. axb3 a2 18. Kc2 a1=Q 19. Rxa1 Qxa1 20. Bc1 Ra2+ 21. Kd1 Bh6 22. Ke1 Qxc1+ 23. Kf2 Be3+ 24. Kg3 Bxg1 25. Qxe5 Rxe2 26. Qxf6 Bf2+ 27. Kg2 Bd4+ 0-1


[Site "https://www.chess.com"]